Cogmind - Beta 13 X1 @@@ ROGUE MODE // 2023.07.30 @ 03:28:11 Player: Runia Result: Destroyed by 1C-UTU with 1C-UTU's Sword "Choppy" Performance ------------- Evolutions (1) 500 Regions Visited (6) 1200 Robots Destroyed (82) 410 Value Destroyed (1703) 1703 Prototype IDs (28) 560 Alien Tech Used (0) 0 Bonus (415) 415 TOTAL SCORE: 4788 Bonus ------- High Alert Combat Kills 55 Follower Combat Kills 60 Aligned with FarCom 300 Cogmind --------- Core Integrity 0/400 Matter 271/300 Energy 32/100 System Corruption 2% Temperature Cool (0) Movement Rolling (195) Ox7 Location -8/Mines Parts ------- > --- POWER (1) -------- (None) > --- PROPULSION (2) --- Armored Wheel > --- UTILITY (4) ------ Huge Storage Unit Structural Scanner > --- WEAPON (2) ------- Guided Plasma Cannon > --- INVENTORY (25) --- Light Treads Light Treads Light Treads Light Treads Light Treads Light Treads Light Treads High-capacity Storage Unit Superbattery (1500) 0b10 Alert Chip Hacking Suite Beam Cannon Beam Cannon Improved Assault Rifle Minigun Minigun Minigun Minigun Grenade Launcher Grenade Launcher Rocket Launcher Rocket Launcher Datajack Plasma Cutter Peak State ------------ > --- POWER ------------ (None) > --- PROPULSION ------- Light Treads Armored Wheel > --- UTILITY ---------- Cooling System Huge Storage Unit Structural Scanner Hardened Light Armor Plating > --- WEAPON ----------- Guided Plasma Cannon Mining Laser > --- INVENTORY -------- Light Treads Light Treads Light Treads Light Treads Light Treads Light Treads Light Treads High-capacity Storage Unit Superbattery 0b10 Alert Chip Hacking Suite Beam Cannon Beam Cannon Improved Assault Rifle Minigun Minigun Minigun Minigun Grenade Launcher Grenade Launcher Rocket Launcher Rocket Launcher Datajack Plasma Cutter [Rating: 23] Favorites ----------- Power Improved Ion Engine Engine Improved Ion Engine Power Core Light Nuclear Core Propulsion Light Treads Treads Light Treads Leg Aluminum Leg Wheel Armored Wheel Utility Cooling System Device Cooling System Storage Huge Storage Unit Protection Hardened Light Armor Plating Weapon Improved Assault Rifle Energy Gun Medium Laser Energy Cannon Beam Cannon Ballistic Gun Improved Assault Rifle Launcher Grenade Launcher Special Weapon Mining Laser Build | -11 -10 -10 -9 -9 -9 -8 ------- Run | Jun Mat Min Mat Min Exi Min Slots Evolved 2 | . . . 2 . . . Power . | . . . . . . . Propulsion . | . . . . . . . Utility 2 | . . . 2 . . . Weapon . | . . . . . . . Parts Attached 52 | 2 11 2 29 4 2 2 Power 7 | . 3 . 4 . . . Engine 6 | . 2 . 4 . . . Core 1 | . 1 . . . . . Reactor . | . . . . . . . Propulsion 13 | 2 1 1 8 . 1 . Treads 11 | 2 1 1 6 . 1 . Leg . | . . . . . . . Wheel 2 | . . . 2 . . . Hover . | . . . . . . . Flight . | . . . . . . . Utility 13 | . 2 . 10 1 . . Device 7 | . 1 . 6 . . . Storage 3 | . 1 . 2 . . . Processor . | . . . . . . . Hackware . | . . . . . . . Protection 3 | . . . 2 1 . . Artifact . | . . . . . . . Weapon 19 | . 5 1 7 3 1 2 Energy Gun 2 | . 2 . . . . . Energy Cannon 2 | . . . 1 . . 1 Ballistic Gun 8 | . 1 1 4 1 1 . Ballistic Cannon . | . . . . . . . Launcher 6 | . 2 . 2 1 . 1 Special Weapon 1 | . . . . 1 . . Impact Weapon . | . . . . . . . Slashing Weapon . | . . . . . . . Piercing Weapon . | . . . . . . . Special Melee Weapon . | . . . . . . . Unidentified Prototypes . | . . . . . . . Parts Lost 14 | . 1 2 5 1 . 5 Power 3 | . 1 . 1 . . 1 Propulsion 3 | . . 1 1 . . 1 Utility 5 | . . . 2 1 . 2 Weapon 3 | . . 1 1 . . 1 Highest Loss Streak 5 | . 1 2 2 1 . 5 To Critical Strikes . | . . . . . . . Average Slot Usage (%) 92 | . 86 100 94 97 89 88 Engine 11 | . 11 14 10 11 11 . Treads 18 | . 28 28 13 11 11 11 Wheel 5 | . . . 8 11 11 11 Device 13 | . 1 14 14 24 22 22 Storage 14 | . 14 14 18 11 11 11 Protection 4 | . . . 6 5 11 11 Energy Gun 4 | . 13 8 . . . . Energy Cannon 1 | . . . 3 . . 11 Ballistic Gun 15 | . 13 19 18 20 1 . Special Weapon 1 | . . . . 1 11 11 Naked Turns . | . . . . . . . Heaviest Build 116 | 14 19 19 116 102 99 99 Greatest Support 40 | 40 40 40 40 12 12 12 Greatest Overweight (x) 9 | . . . 9 8 8 8 Average Overweight (x) 3 | . . . 6 7 7 7 Largest Inventory Capacity 25 | 8 10 10 25 25 25 25 Average Capacity 18 | 8 9 10 22 25 25 25 Most Carried 25 | 6 10 10 25 24 25 24 Average Carried 16 | 4 9 9 19 23 24 24 Final Capacity 25 | 8 10 10 25 25 25 25 Final Carried 24 | 4 10 9 24 24 24 24 Class Distribution -------------------- 100% | Mutant Dominant Class ---------------- Mutant | -10/Materials Mutant | -10/Mines Mutant | -9/Materials Mutant | -9/Mines Mutant | -9/Exiles Mutant | -8/Mines Resources | -11 -10 -10 -9 -9 -9 -8 ----------- Run | Jun Mat Min Mat Min Exi Min Matter Collected 1408 | 163 353 84 581 208 19 . Remotely . | . . . . . . . Salvage Created 2395 | . 830 159 1217 143 . 46 Parts 161 | . 52 4 83 14 . 8 Haulers Intercepted 5 | . 2 . 3 . . . Recyclers Shooed 2 | . 1 . . 1 . . Parts Field Recycled . | . . . . . . . Retrieved Matter . | . . . . . . . Parts Self-Destructed . | . . . . . . . Prevented . | . . . . . . . Kills | -11 -10 -10 -9 -9 -9 -8 ------- Run | Jun Mat Min Mat Min Exi Min Combat Hostiles Destroyed 62 | . 16 5 30 7 . 4 Guns 40 | . 11 5 17 7 . . Cannons 6 | . . . 6 . . . AOE 14 | . 5 . 5 . . 4 Classes Destroyed 11 | . 7 . 3 1 . . Worker 4 | . 3 1 . . . . Builder 1 | . . . . 1 . . Tunneler 2 | . . . 1 . . 1 Hauler 5 | . 2 . 3 . . . Recycler 2 | . 2 . . . . . Operator 3 | . 1 . 2 . . . Watcher 3 | . 3 . . . . . Swarmer 29 | . 6 3 10 6 . 4 Grunt 23 | . 10 2 10 1 . . Duelist 2 | . . . 2 . . . Sentry 8 | . . . 8 . . . Best Kill Streak 5 | . 4 3 5 4 . 5 Combat Bots Only 4 | . 3 3 4 3 . 4 Max Kills in Single Turn 5 | . 3 1 2 1 . 5 Gunslinging 1 | . . . 1 . . . Exploded 4 | . 2 . 2 . . 4 Melee . | . . . . . . . Uniques/NPCs Destroyed . | . . . . . . . Combat | -11 -10 -10 -9 -9 -9 -8 -------- Run | Jun Mat Min Mat Min Exi Min Damage Taken 3093 | . 485 328 1396 289 . 595 Core 555 | . 58 84 202 26 . 185 Absorbed by Shields . | . . . . . . . Redirected to Shielding 23 | . . . 23 . . . Regen/Repaired (Parts) 119 | . 83 . 36 . . . Core Remaining (%) 71 | 100 . 43 . . . . Volleys Fired 195 | . 56 28 90 15 2 4 Largest 2 | . 2 2 2 2 1 1 Hottest 120 | . 70 70 80 100 23 120 Shots Fired 377 | . 109 57 176 29 2 4 Gun 334 | . 106 57 141 28 2 . Cannon 33 | . . . 30 . . 3 Launcher 9 | . 3 . 5 . . 1 Special 1 | . . . . 1 . . Kinetic 265 | . 53 41 141 28 2 . Thermal 103 | . 53 16 30 1 . 3 Explosive 9 | . 3 . 5 . . 1 Electromagnetic . | . . . . . . . Robot Hit Streak 23 | . 7 6 21 23 . 7 Robot Miss Streak 4 | . 4 4 3 2 . . Penetration Max . | . . . . . . . Secondary Targets 5 | . . . 4 1 . . Max Gunslinging Chain 1 | . . . 1 1 . . Shots Hit Robots 236 | . 61 34 119 18 . 4 Core Hits 121 | . 40 13 54 9 . 5 Critical Kills 2 | . . . 2 . . . Critical Parts Destroyed 2 | . 1 . 1 . . . Critical Strikes 7 | . 2 2 3 . . . Burn 3 | . 1 2 . . . . Meltdown 2 | . . . 2 . . . Destroy 2 | . 1 . 1 . . . Melee Attacks . | . . . . . . . Impact . | . . . . . . . Slashing . | . . . . . . . Piercing . | . . . . . . . Sneak Attacks . | . . . . . . . Combat Hostiles . | . . . . . . . Follow-up Attacks . | . . . . . . . Damage Inflicted 3989 | . 1090 364 1977 265 . 293 Guns 2712 | . 785 364 1298 265 . . Cannons 434 | . . . 330 . . 104 Explosions 835 | . 305 . 341 . . 189 Melee . | . . . . . . . Ramming 8 | . . . 8 . . . Kinetic 2236 | . 445 228 1298 265 . . Thermal 910 | . 340 136 330 . . 104 Explosive 835 | . 305 . 341 . . 189 Electromagnetic . | . . . . . . . Impact . | . . . . . . . Slashing . | . . . . . . . Piercing . | . . . . . . . Highest Corruption 2 | . 2 2 2 2 2 2 Average Corruption 2 | . 2 2 2 2 2 2 Corruption Purged . | . . . . . . . Corruption Blocked . | . . . . . . . Effects 41 | . 2 8 14 11 6 . Message Errors 13 | . 2 1 2 5 3 . Matter Fused 7 | . . 1 2 2 2 . Heat Flow Errors 9 | . . 4 2 3 . . Energy Discharges 2 | . . . 1 1 . . Parts Fused 1 | . . . . . 1 . Data Loss (minor) 2 | . . . 2 . . . Data Loss (major) 2 | . . 1 1 . . . Misfires 3 | . . 1 2 . . . Alerts 1 | . . . 1 . . . Weapon Failures 1 | . . . 1 . . . Overload Shots . | . . . . . . . Overflow Damage 23 | . . . . . . 23 Projectiles . | . . . . . . . Explosions 23 | . . . . . . 23 Melee . | . . . . . . . Knockbacks . | . . . . . . . Impact . | . . . . . . . Kinetic . | . . . . . . . Secondary . | . . . . . . . Self-Inflicted Damage 73 | . 71 . 2 . . . Shots 3 | . 2 . 1 . . . Rammed 4 | . . . 4 . . . Targets Rammed 4 | . . . 4 . . . Kicked . | . . . . . . . Crushed . | . . . . . . . Highest Temperature 241 | . 126 241 230 199 . 69 Average Temperature 35 | . 25 50 45 83 . 36 Received Heat Transfer 738 | . 156 108 435 39 . . Siege Activations . | . . . . . . . Robots Corrupted . | . . . . . . . Combat Hostiles . | . . . . . . . Parts Fried . | . . . . . . . Impact Corruptions . | . . . . . . . Robots Melted 2 | . . . 2 . . . Combat Hostiles 2 | . . . 2 . . . Parts Melted 9 | . 2 2 5 . . . Heat Transferred 2391 | . 1073 555 703 . . 60 Parts Sabotaged . | . . . . . . . Parts Stolen . | . . . . . . . Parts Stripped . | . . . . . . . Power Chain Reactions . | . . . . . . . Missiles Intercepted . | . . . . . . . Alert | -11 -10 -10 -9 -9 -9 -8 ------- Run | Jun Mat Min Mat Min Exi Min Peak Influence 509 | . 338 175 509 372 . 104 Initial 177 | . . 65 9 177 . . Average 233 | . 212 76 309 232 . 93 Maximum Alert Level 2 | . 1 . 2 1 . . Low Security (%) 44 | 100 42 100 21 55 . 100 Level 1 41 | . 57 . 41 44 . . Level 2 13 | . . . 36 . . . Level 3 . | . . . . . . . Level 4 . | . . . . . . . Level 5 . | . . . . . . . High Security . | . . . . . . . Max Security . | . . . . . . . Squads Dispatched 10 | . 5 . 5 . . . Investigation 4 | . 3 . 1 . . . Extermination . | . . . . . . . Reinforcement 6 | . 2 . 4 . . . Assault . | . . . . . . . Garrison . | . . . . . . . Intercept . | . . . . . . . Searches Triggered . | . . . . . . . Construction Impeded . | . . . . . . . Haulers Reinforced . | . . . . . . . Active Scanning Responses . | . . . . . . . Cargo Convoy Interrupts . | . . . . . . . Stealth | -11 -10 -10 -9 -9 -9 -8 --------- Run | Jun Mat Min Mat Min Exi Min Distress Signals 3 | . 1 . 2 . . . Communications Jammed . | . . . . . . . Distress Signals . | . . . . . . . Times Spotted 87 | . 24 6 43 9 . 5 Peak Tracking Total 9 | . 4 3 5 3 9 5 Tactical Retreats 1 | . . 1 . . . . Traps | -11 -10 -10 -9 -9 -9 -8 ------- Run | Jun Mat Min Mat Min Exi Min Traps Triggered 3 | . 2 . 1 . . . Indirectly . | . . . . . . . Trap Hack Attempts . | . . . . . . . Triggered . | . . . . . . . Disarmed . | . . . . . . . Reprogrammed . | . . . . . . . Reused . | . . . . . . . Traps Extracted . | . . . . . . . Installed . | . . . . . . . Triggered . | . . . . . . . Machines | -11 -10 -10 -9 -9 -9 -8 ---------- Run | Jun Mat Min Mat Min Exi Min Machines Disabled 2 | . 1 . . . 1 . Max in Single Turn 1 | . 1 . . . 1 . Machines Repaired . | . . . . . . . Machines Sabotaged . | . . . . . . . Overloaded Fab Kills . | . . . . . . . Hacking | -11 -10 -10 -9 -9 -9 -8 --------- Run | Jun Mat Min Mat Min Exi Min Machines Accessed 18 | . 9 . 7 . 2 . Terminals 11 | . 6 . 5 . . . Fabricators . | . . . . . . . Repair Stations 2 | . 1 . 1 . . . Recycling Units 3 | . 2 . 1 . . . Scanalyzers . | . . . . . . . Garrison Access . | . . . . . . . Total Hacks 44 | . 22 . 20 . 2 . Successful 20 | . 9 . 9 . 2 . Failed 24 | . 13 . 11 . . . Catastrophic 2 | . . . 2 . . . Database Lockouts . | . . . . . . . Manual 20 | . 11 . 8 . 1 . Terminals 33 | . 17 . 16 . . . Fabricators . | . . . . . . . Repair Stations 5 | . 3 . 2 . . . Recycling Units 4 | . 2 . 2 . . . Scanalyzers . | . . . . . . . Garrison Access . | . . . . . . . Terminal Hacks 13 | . 5 . 6 . 2 . Record 1 | . . . . . 1 . Part Schematic 1 | . 1 . . . . . Prototype ID Bank 4 | . 3 . 1 . . . Branch Access Points 1 | . . . 1 . . . Emergency Access Points 2 | . . . 2 . . . Terminal Index 1 | . . . 1 . . . Locate Traps 1 | . . . 1 . . . Hauler Manifests 1 | . 1 . . . . . Derelict Proto ID Bank 1 | . . . . . 1 . Fabricator Hacks . | . . . . . . . Repair Station Hacks 4 | . 2 . 2 . . . Scan Component 2 | . 1 . 1 . . . Repair 2 | . 1 . 1 . . . Recycling Unit Hacks . | . . . . . . . Scanalyzer . | . . . . . . . Garrison Access Hacks . | . . . . . . . Unauthorized Hacks 3 | . 2 . 1 . . . Terminals . | . . . . . . . Fabricators . | . . . . . . . Repair Stations . | . . . . . . . Recycling Units 3 | . 2 . 1 . . . Tunnel 3 | . 2 . 1 . . . Scanalyzers . | . . . . . . . Garrison Access . | . . . . . . . Data Cores Recovered . | . . . . . . . Used . | . . . . . . . Hacking Detections 13 | . 7 . 6 . . . Full Trace Events 1 | . 1 . . . . . Feedback Events . | . . . . . . . Feedback Blocked . | . . . . . . . Robot Schematics Acquired . | . . . . . . . Robots Built . | . . . . . . . Authchips . | . . . . . . . Time . | . . . . . . . Total Robot Build Rating . | . . . . . . . Part Schematics Acquired 1 | . 1 . . . . . Parts Built . | . . . . . . . Authchips . | . . . . . . . Time . | . . . . . . . Total Part Build Rating . | . . . . . . . Parts Repaired 2 | . 1 . 1 . . . Time 58 | . 26 . 32 . . . Parts Recycled . | . . . . . . . Recycled Matter . | . . . . . . . Retrieved Matter . | . . . . . . . Retrieved Components . | . . . . . . . Parts Scanalyzed . | . . . . . . . Part Schematics Acquired . | . . . . . . . Parts Damaged . | . . . . . . . Bothacking | -11 -10 -10 -9 -9 -9 -8 ------------ Run | Jun Mat Min Mat Min Exi Min Used RIF Installer . | . . . . . . . Robots Hacked . | . . . . . . . Non-combat . | . . . . . . . Combat . | . . . . . . . Robot Hacks Applied . | . . . . . . . Relay Couplers Released . | . . . . . . . Fabnet Peak Effective % . | . . . . . . . Robots Rewired . | . . . . . . . Allies Hacked . | . . . . . . . Hacks Repelled . | . . . . . . . Allies | -11 -10 -10 -9 -9 -9 -8 -------- Run | Jun Mat Min Mat Min Exi Min Total Allies 3 | . . . . 3 . . Largest Group 3 | . . . . 3 2 . Highest-Rated Group 40 | . . . . 40 32 . Highest-Rated Ally 16 | . . . . 16 16 . Total Orders . | . . . . . . . Ally Attacks 25 | . . . . 22 3 . Total Damage 277 | . . . . 246 31 . Kills 2 | . . . . 2 . . Allies Corrupted . | . . . . . . . Allies Melted . | . . . . . . . Intel | -11 -10 -10 -9 -9 -9 -8 ------- Run | Jun Mat Min Mat Min Exi Min Robot Analysis Total . | . . . . . . . Derelict Logs Recovered 3 | . . 1 . 2 . . Drone Launches . | . . . . . . . Drone Recoveries . | . . . . . . . Exploration | -11 -10 -10 -9 -9 -9 -8 ------------- Run | Jun Mat Min Mat Min Exi Min Turns Passed 4938 | 7 1347 585 1636 673 661 29 Spaces Moved 2235 | 3 675 314 603 299 332 9 Core . | . . . . . . . Treads 1142 | 3 675 314 150 . . . Legs . | . . . . . . . Wheels 1093 | . . . 453 299 332 9 Hover . | . . . . . . . Flight . | . . . . . . . Fastest Speed 160 | 160 160 160 160 195 195 195 Average Speed 184 | 160 160 160 208 206 196 206 Slowest Speed 240 | 160 160 160 240 210 210 210 Overloaded Moves . | . . . . . . . Propulsion Burnouts . | . . . . . . . Robots Hopped . | . . . . . . . Cave-ins Triggered . | . . . . . . . Exploration Rate (%) 55 | 2 96 74 72 69 69 8 Regions Visited 6 Branch Regions 4 Pre-discovered Areas 5 | . 2 1 1 . 1 . Known Exits Taken 1 | . . . 1 . . . Unknown Exits Taken 5 | 1 1 1 . 1 1 . Scrap Searched 3 | . . 1 . 2 . . Spaces Dug 22 | . 10 . 11 1 . . Terrain Destroyed 63 | . 19 . 34 1 . 9 Melee . | . . . . . . . Projectile 1 | . . . . 1 . . AOE 62 | . 19 . 34 . . 9 Terrain Rammed . | . . . . . . . Walls Destroyed . | . . . . . . . Machines Disabled . | . . . . . . . Actions | -11 -10 -10 -9 -9 -9 -8 --------- Run | Jun Mat Min Mat Min Exi Min Total 2682 | 6 836 346 813 324 342 15 Wait 133 | . 75 2 51 5 . . Move 2229 | 2 674 313 602 298 331 9 Hop . | . . . . . . . Pick Up 39 | . 12 1 22 1 3 . Fast Attach 12 | . 3 . 8 1 . . Attach 14 | 2 2 2 6 . 2 . Detach 1 | . . . . . 1 . Swap 26 | . 6 . 15 3 . 2 Drop 29 | 2 8 . 15 1 3 . Fire 195 | . 56 28 90 15 2 4 Melee . | . . . . . . . Ram . | . . . . . . . Kick . | . . . . . . . Crush 4 | . . . 4 . . . Escape Stasis . | . . . . . . . Rewire . | . . . . . . . Trap . | . . . . . . . Miscellaneous . | . . . . . . . Route ------- -11/Junkyard -10/Materials (discovered 5 exits: *Mat x3 / [*Min x2]) -10/Mines -9/Materials (discovered 3 exits: [*Mat x2] / *Min) -9/Mines (discovered 2 exits: [*Mat] / *Exi) -9/Exiles -8/Mines History --------- Turn | Location | Event 5 | -11/Junkyard | Discovered new exit (range 0) 8 | -11/Junkyard | Entered Materials 178 | -10/Materials | Discovered new exit (range 14) 320 | -10/Materials | Build established: Mutant 321 | -10/Materials | Discovered new exit (range 8) 592 | -10/Materials | Discovered new exit (range 11) 635 | -10/Materials | Discovered new exit (range 8) 922 | -10/Materials | Discovered new exit (range 4) 1134 | -10/Materials | Repaired Assault Rifle 1355 | -10/Materials | Entered Mines 1523 | -10/Mines | Learned location of Storage (-8) 1757 | -10/Mines | Discovered new exit (range 4) 1790 | -10/Mines | Core integrity fell below 50% 1940 | -10/Mines | Entered Materials 1940 | -9/Materials | Evolved 2 slots: Utility x2 2663 | -9/Materials | Discovered new exit (range 16) 3083 | -9/Materials | Identified exit to Mines 3177 | -9/Materials | Repaired Arm. Wheel 3259 | -9/Materials | Discovered new exit (range 8) 3541 | -9/Materials | Core integrity fell below 50% 3576 | -9/Materials | Entered Mines 3584 | -9/Mines | Met a Derelict bent on vengeance 3616 | -9/Mines | Learned Materials trap positions 3627 | -9/Mines | Discovered new exit (range 8) 3758 | -9/Mines | Learned Materials interactive machine intel 3830 | -9/Mines | Assisted by bots powering up and referring to "LRC-V3" 4146 | -9/Mines | Assembled infested the area 4186 | -9/Mines | Met 8R-AWN 4241 | -9/Mines | Discovered new exit (range 5) 4249 | -9/Mines | Entered Exiles 4249 | -9/Exiles | Accompanied by 2 allies 4298 | -9/Exiles | Welcomed by 8R-AWN 4334 | -9/Exiles | Met EX-HEX 4408 | -9/Exiles | Met EX-DEC 4423 | -9/Exiles | Learned location of Zion (-7) 4458 | -9/Exiles | Met EX-BIN 4486 | -9/Exiles | Aligned with FarCom system 4488 | -9/Exiles | Given EX-Vault access code 4536 | -9/Exiles | Opened EX-Vault 4546 | -9/Exiles | Found Superbattery 4551 | -9/Exiles | Found 0b10 Alert Chip 4556 | -9/Exiles | Found Gui. Plasma Cannon 4600 | -9/Exiles | Warned to stay clear of 0b10 Research branches 4870 | -9/Exiles | Attacked by the Exiles 4894 | -9/Exiles | Discovered new exit (range 10) 4910 | -9/Exiles | Stole three prototypes: Superbattery, 0b10 Alert Chip, Gui. Plasma Cannon 4910 | -9/Exiles | Entered Mines 4924 | -8/Mines | 1C-UTU came to Exiles' defense 4938 | -8/Mines | Core integrity fell below 20% 4939 | -8/Mines | Destroyed by 1C-UTU with 1C-UTU's Sword "Choppy" Last Messages --------------- time, folks! 04883_ System corrupted: Matter fused (-8). 04894_ EXIT=FOUND A strange signal echoes through the mines. LOCATION=UNKNOWN GOAL=ESCAPE 04911_ T-07 Excavator is excavating. 04911_ Imp. Ion Engine destroyed. 04912_ S-10 Pest destroyed. 04912_ Destroyed Flight Unit. 04912_ S-10 Pest destroyed. 04912_ T-07 Excavator destroyed. 04912_ S-10 Pest destroyed. 04924_ 1C-UTU: "I came as fast as I could... Wait, it was you!" 04931_ 1C-UTU follow-up attacks with Prototype Slashing Weapon. 04934_ Cooling System destroyed. 04935_ Hrd. Light Armor Plating destroyed. 04937_ 1C-UTU follow-up attacks with Prototype Slashing Weapon. 04939_ Lgt. Treads destroyed. 04939_ Mining Laser destroyed. Map ----- +----------------------------------------------------+ | | | | | | | | | | | | | ?????????????????????????????????????????? | | ?????????????????????????????????????????? | | ?????????????????????????????????????????? | | ?????????????????????????????????????????? | | ?????????????????????????????????????????? | | ??????????## ????????????????????????????? | | ??????????## ????????????????????????????? | | ??????????## ????????????????????????????? | | ??????????## ????????????????????????????? | | ?????????### ##??????????????????????????? | | ????????#### ######??????????????????????? | | ????????### ######?????????????????????? | | ????????## ###?????????????????????? | | ????????## ##?????????????????????? | | ????????### ##?????????????????????? | | ???????###### ###?????????????????????? | | ???????####### ###?????????????????????? | | ???????## ##?????????????????????? | | ???????## =! l##?????????????????????? | | ???????## %%%= @##?????????????????????? | | ???????## !%* ## ##?????????????????????? | | ???????### [= ## ##?????????????????????? | | ???????#### ## # ?????????????????????? | | ????????### ### ?????????????????????? | | ?????????# ?????????????????????? | | ????????? ?? ?????????????????????? | | ???????? ? #???????????????????? | | ??????## ? ##???????????????????? | | ??????### ? ###???????????????????? | | ??????####### ###???????????????????? | | ???????####### #????????????????????? | | ?????????????# ?????????????????????? | | ?????????????## ?????????????????????? | | ??????????????### ?????????????????????? | | ??????????????#### ?????????????????????? | | ?????????????????????????????????????????? | | ?????????????????????????????????????????? | | ?????????????????????????????????????????? | | ?????????????????????????????????????????? | | ?????????????????????????????????????????? | | ?????????????????????????????????????????? | | ?????????????????????????????????????????? | | ?????????????????????????????????????????? | | ?????????????????????????????????????????? | +----------------------------------------------------+ Best States ------------- Heat Dissipation 72 Energy Generation 14 Energy Capacity 265 Matter Stores 300 Matter Capacity 300 Sight Range 16 Terrain Scan Density 10 Armor Coverage 150 Utility Shielding 33 Evasion (%) 40 Recoil Reduction 2 Item Schematics ----------------- Huge Storage Unit | -10/Materials | Hacked Robot Schematics ------------------ None Fabricated ------------ Nothing Alien Tech Used ----------------- None Achievements -------------- None Challenges ------------ None Game ------ Seed AerolevDisruptorAirjet Manual? 0 Play Time 00:21:48 Cumulative 820.9 hours Start 2023.07.30 @ 03:07:03 End 2023.07.30 @ 03:28:11 Sessions 1 Manual Loads 0 Difficulty Rogue Special Mode None Game No. 715 Rogue 715 Adventurer 0 Explorer 0 Win Type - Total 40 Types 14/7/8/1/1/1/6/1/1 Lore% 93 Gallery% 96 Achievement% 82 Wizard Run 0 Options --------- ASCII 0 Keyboard 0 Movement Mouse Keybinds 1 Fullscreen 2 Font 24/Smallcaps Map View 76x50 Tactical HUD 1 Map Filters NONE Filters NONE Steam 1 RUN: 1fbccea7-f566-464e-90b3-07b23c525ed0